[Event "44th Chess Olympiad Open 2022"]
[Site "Chennai"]
[Date "2022.08.03"]
[Round "6.7"]
[White "Nisipeanu, Liviu-Dieter"]
[Black "Sonis, Francesco"]
[Result "1-0"]
[WhiteElo "2642"]
[BlackElo "2543"]
[Annotator "TA"]
[PlyCount "95"]
[EventDate "2022.??.??"]
[TimeControl "60"]

1. d4 Nf6 2. c4 e6 3. Nc3 Bb4 4. e3 O-O 5. Bd3 d5 6. Nf3 c5 7. O-O dxc4 8. Bxc4 cxd4 9.
exd4 b6 10. Qa4 {[%emt 0:01:26] E54:
Nimzo-Indian: Rubinstein: Main Line: 7...dxc4 8 Bxc4.} Be7 11.
Rd1 Bb7 {[%emt 0:00:05] Against d5} 12. Ne5 {[%emt 0:00:17] 
[#] The position is equal.} Qe8 $146 ({Predecessor:} 12... Nd5
13. Qb3 Nxc3 14. bxc3 Bd5 15. Bxd5 exd5 16. Bf4 Bf6 17. Rac1 Bxe5 18. dxe5 Nc6
19. Rxd5 {1-0 (38) Agdestein,S (2559)-Vestby Ellingsen,M (2351) Kongsvinger
2022}) 13. Bb5 Qc8 14. Bf4 a6 15. Bf1 b5 16. Qb3 Nc6 17. Rac1 Qe8 (17... Na5 $5 18. Qc2 Qd8 $11) 18. Ne2 Rd8 19. Qh3 Nd5 20. Bd2 Bd6 21. Nxc6 Bxc6 22. Nc3 Nf4 23. Qh4 Ng6 24. Qh5 Be7 (24... b4 $5 25. Ne2 Bd5 $15) 25. Be3 f5 {[%emt 0:02:41] And
now ...f4 would win.} 26. d5 exd5 27. Bb6 Rb8 28. Bd4 Qd7 29. g3 b4 30. Ne2 Bf6 31. Bxf6 Rxf6 32. Nd4 Bb7 33. Bh3 {[%emt 0:02:13][%cal Rh3f5] White
has compensation.} Ne7 34. Re1 Rbf8 35. Qe2 Nc6 36. Qd3 Nxd4 37. Qxd4 Qd6 38. Rc5 Kh8 (38... f4 $11) 39. Rec1 Qb6 40. Qf4 h6 41. Bg2 Rd8 42. Rc7 Bc6 43. Re1 {[%emt 0:04:09] [#] Threatens to win with
Ree7.} Rfd6 $2 (43... Bb5 $11) 44. Ree7 $18 {[%emt 0:01:35]
Threatening mate with Qe5. White is clearly winning.} R6d7 45.
Qe5 Rxe7 46. Rxe7 Rg8 47. Re6 {[%emt 0:00:
04][%cal Re6h6] [#]} Kh7 48. Bxd5 {[%emt 0:00:44] Weighted
Error Value: White=0.07 (flawless) /Black=0.10 (very precise)} 1-0

[Event "44th Chess Olympiad Open 2022"]
[Site "Chennai"]
[Date "2022.08.03"]
[Round "6.7"]
[White "Lodici, Lorenzo"]
[Black "Svane, Rasmus"]
[Result "1/2-1/2"]
[WhiteElo "2553"]
[BlackElo "2649"]
[Annotator "TA"]
[PlyCount "150"]
[EventDate "2022.??.??"]
[TimeControl "60"]

1. d4 Nf6 2. c4 e6 3. Nf3 d5 4. Nc3 Be7 5. Bf4 O-O 6. e3 Nbd7 7. h3 c5 {[%emt 0:03:45] D37: Queen's Gambit Declined: 5 Bf4.} 8.
dxc5 Nxc5 9. cxd5 Nxd5 10. Nxd5 exd5 11. Be5 Ne6 {[%emt 0:29:33][%cal Yd5d4] [#]} 12. Bc3 $146 {[%emt 0:00:
00] Against d4} ({Predecessor:} 12. Be2 Bb4+ 13. Kf1 Be7 14. Qd2 Nc5 15. Nd4
Ne4 16. Qe1 Re8 17. Nf3 a5 18. g3 {0-1 (57) Steingrimsson,H (2396)-Boensch,U 
(2545) Germany 2003}) 12... Bf6 13. Qd2 Bxc3 14. Qxc3 d4 15. Nxd4 Nxd4 16. Qxd4 (16. Rd1 {
seems wilder.} Be6 17. Rxd4 Qg5 18. h4) 16... Qxd4 17. exd4 Be6 18. b3 Rfd8 19. O-O-O Rd6 20. Be2 Rad8 21. Bf3 b6 22. d5 Bxd5 23. Bxd5 Rxd5 24. Rxd5 Rxd5 25. Rd1 Rxd1+ 26. Kxd1 $11 {[%emt 0:00:02] Endgame KP-KP} Kf8 27. Kd2 Ke7 28. Kd3 Kd6 29. Kd4 f6 30.
h4 f5 $2 (30... g5 $11) 31. h5 $1 $18 g6 $2 (31... Ke6 32. b4 Kd6) 32. hxg6 hxg6 33. f4 $1 Ke6 34. Kc4 $2 ({Better is} 34. b4 $18 Kd6 35. a4) 34...
a6 $2 (34... g5 $11) 35. b4 Kd6 36. a4 Kc6 37. a5 bxa5 38. bxa5 {[%emt 0:00:01] K3P-K3P} Kd6 39. Kd4
$1 Kc6 {[%emt 0:00:18] [#]} 40. Ke5 $1 Kb5 41. Kf6 Kxa5 42. Kxg6 Kb4 43. Kxf5 {[%emt 0:00:08] KPP-KP} a5 {
[%emt 0:00:04] [#]} 44. Kg6 $2 ({Weaker is} 44. g4 a4 45. g5
a3 $11) (44. Ke4 $1 a4 45. f5) 44... a4 $11 {[%emt 0:00:00] ...a3 is the
strong threat. The position is equal.} 45. f5 {[%emt 0:00:00] Black must now
prevent f6.} a3 46. f6 a2 47. f7 a1=Q 48. f8=Q+ {[%emt 0:00:00] KQ-KQ}
Kc4 49. Qc8+ Kd3 50. g4 Qd4 51. Qe6 Kc2 52. g5 Kb1 53. Qf5+ Ka2 54. Kh7 Qa7+ 55. Kg8 {
[%emt 0:00:00] Threatens to win with Qf7+.} Qb8+ 56. Kg7 Qb2+ 57. Qf6 {[%emt 0:00:00] Hoping for Qxb2+.
} Qc2 58. g6 Kb1 59. Qb6+ Ka2 60. Kf6 ({Less strong is
} 60. Qe6+ Kb2 61. Kg8 Qg2 62. Qb6+ Kc3 63. Qa5+ Kb3 $18) 60... Qc3+ 61. Kf7 Qf3+ 62. Ke7 Qa3+ 63. Kf7 Qf3+ 64. Qf6 Qb7+ 65. Kg8 {[%emt 0:00:00] Strongly
threatening Qf7+.} Qb3+ 66. Kg7 Qd3 67. Qe6+ Kb1 68. Kh7 Kb2 69. Kg8 Qd8+ 70. Kf7 Qc7+ 71. Qe7 Qc4+ 72. Kf6 Qh4+ 73. Kf7 Qc4+ 74. Kf8 Qc8+ 75. Kg7 Qc4 {[%emt 0:01:07] Black escapes into a draw. Weighted Error
Value: White=0.26 (precise) /Black=0.16 (very precise)} 1/2-1/2

[Event "44th Chess Olympiad Open 2022"]
[Site "Chennai"]
[Date "2022.08.03"]
[Round "6.7"]
[White "Brunello, Sabino"]
[Black "Kollars, Dmitrij"]
[Result "1/2-1/2"]
[WhiteElo "2520"]
[BlackElo "2648"]
[Annotator "TA"]
[PlyCount "133"]
[EventDate "2022.??.??"]
[TimeControl "60"]

1. e4 e5 2. Nf3 Nc6 3. Bb5 a6 4. Ba4 Nf6 5. O-O b5 6. Bb3 Bc5 7. a4 Rb8 8. c3 d6 9. d4 Bb6 10. a5 {[%emt 0:00:22] C78: Ruy Lopez: Archangelsk
and Möller Defences.} Ba7 ({Resist} 10... Nxa5 11. Rxa5 Bxa5
12. dxe5 $14) (10... Bxa5 $2 11. dxe5 (11. d5 Ne7 $18) 11... dxe5 12. Qxd8+
Kxd8 13. Bd5 (13. Bxf7 Bb6 $16) 13... Nxd5 14. exd5 $18) 11. h3 Bb7 12. Be3 {[%emt 0:02:18] White is slightly better.} Nxe4 13. Re1 {[%emt 0:00:33] d5 is the strong threat.} (13. d5 {
is interesting.} Bxe3 14. dxc6 Nxf2 15. Qe2) 13... exd4 14.
cxd4 Ne7 15. Nc3 {[%emt 0:06:17] [#]
Strongly threatening Ng5.} d5 16. Nxe4 dxe4 17. Ng5 Bd5 18. Nxe4 O-O {[%emt 0:07:46] [#]} (18... Bxe4 {is more complex.} 19. Qg4
Bd5 20. Bg5 f6) 19. Nc5 $146 (19. Bc2 {with more
complications.} Nf5 20. Nc5 Nxe3 21. Rxe3 Qd6 22. b4) ({Predecessor:} 19. Bg5
f6 20. Bf4 Rf7 21. Rc1 Rc8 22. Bd6 cxd6 23. Rxc8 Qxc8 24. Bxd5 Nxd5 25. Nxd6 {
½-½ (59) Ragger,M (2668)-Andersen,M (2575) Terme Catez 2021}) 19... Bxc5 20. dxc5 Bxb3 21. Qxb3 Qd5 22. Qc2 Qc6 23. Rad1 Nd5 24. Bg5 {[%emt 0:25:16]
[%cal Ye3g5,Yg5h4,Yh4g3] Threatens to win with Qf5.} f6 25.
Bh4 Rbe8 26. Re4 g5 27. Bg3 {[%emt 0:02:40] Black must now prevent Red4.} Nf4 $1 28. f3 $36 {[%emt 0:07:38] White is more active.} Rxe4 29. fxe4 Ne6 30. b4 Rd8 $2 (30... Rf7 $16 {is more resistant.}) 31. Rxd8+
$18 Nxd8 {[%emt 0:00:01] Endgame KQB-KQN} 32. Qd3 {[%emt 0:00:
05] Against Qd7} Qe8 {[%emt 0:02:42] [#]} 33. Bxc7 (33. Qd5+
$1 $18 {and the rest is easy.} Kf8 34. Qa8) 33... Nc6 $16 34.
Bg3 {[%emt 0:00:04] And now Qd5+ would win. White is more active.} Qe6 35. Be1 Kf7 36. Bc3 h5 37. Kf2 Ne7 38.
Qf3 Kg6 39. Qd3 Kf7 $1 40. Qf3 Kg6 41. g4 hxg4 42. hxg4 Kf7 43. e5 ({Better is} 43. Kg3 $16) 43... f5 $11 44. gxf5 Qxf5 45. Qxf5+ Nxf5
{[%emt 0:00:03] KB-KN} 46. c6 {[%emt 0:00:00] Hoping for c7.} Ke6 47. Kf3 {[%emt 0:00:48] With the idea c7.} Ne7 48. c7 Kd7 49. Bd4 Kxc7 50. Bc5 $1 Kd7 51. Kg4 {[%emt 0:00:10]
Intending Bxe7 and mate.} Nc6 {[%emt 0:00:00] aiming for ...Ke6.} 52. Kf5 {
[%emt 0:00:15] Threatening mate with e6+.} Nd8 {[%emt 0:00:22] Prevents e6+.} (
52... Ke8 {looks sharper.} 53. e6 Nd8 54. e7 Nc6) 53. Kxg5 Ne6+ (53... Ke6 $1 $11 {keeps the balance.} 54. Kf4 Nc6) 54.
Kf6 $16 {[%emt 0:00:15] White is clearly better.} Nc7 55. Kf7 Ne6 56. Be3 Nd8+ 57. Kf6 Ne6 58. Kf5 Nc7 59. Bc5 Ne6 60. Bd6 Ng7+ 61. Ke4 Kc6 62. Bc5 Ne6 63. Bb6 Ng7 64. Be3 Ne6 65. Kf5 Kd7 66. Kf6 Nd8 67. Bd2 {[%emt 0:01:07] Weighted Error Value: White=0.19 (very precise) /
Black=0.19 (very precise)} 1/2-1/2

[Event "44th Chess Olympiad Open 2022"]
[Site "Chennai"]
[Date "2022.08.03"]
[Round "6.8"]
[White "Howell, David W L"]
[Black "Blohberger, Felix"]
[Result "1-0"]
[WhiteElo "2650"]
[BlackElo "2492"]
[Annotator "TA"]
[PlyCount "83"]
[EventDate "2022.??.??"]
[TimeControl "60"]

1. e4 e5 2. Nf3 Nc6 3. Bc4 Nf6 4. d3 Bc5 5. O-O d6 6. c3 a5 {[%emt 0:00:39]
C54: Giuoco Piano: 4 c3 Nf6, main lines with 5 d4 and 5 d3.} 7. Re1 Ba7 8. Bb3 $5 {[%emt 0:15:06] An interesting side
line.} h6 {[%emt 0:02:42] The position is equal.} 9. Na3 O-O 10. h3 {[%emt 0:05:33] [#]} Re8 $146 ({
Predecessor:} 10... Be6 11. Ba4 Ne7 12. d4 Ng6 13. Be3 c6 14. Bc2 b5 15. Bd3 b4
16. Nc2 bxc3 17. bxc3 {½-½ (38) Ganguly,S (2608)-Haimovich,T (2372) Biel 2022
}) 11. Nc4 b5 12. Ne3 a4 13. Bc2 Ne7 14. Nh4 Bxe3 15. Bxe3 g5 16.
Nf3 Ng6 {[%emt 0:00:21] Prevents h4.} 17. d4 Qe7 18. Nh2 c5 19. Qd2 (19. Nf1 {with more complications.} Nf4 20. Qd2 N6h5
21. Ng3) 19... Bb7 20. f3 Rad8 21. Qf2 Rc8 22. Rad1 Qc7 23. Rd2 (23. dxc5 $142
dxc5 24. Rd2) 23... Kg7 (23... cxd4 $142 24. cxd4 d5) 24. Nf1 Nh5 25. Red1 {[%emt 0:00:55] Black must now
prevent dxc5.} cxd4 26. cxd4 Ngf4 27. Bb1 (27. dxe5 $18 dxe5 28. Bb6) 27... d5 (27... Rcd8 $16) 28. exd5 Nxd5 {[%emt 0:00:20] [#]}
29. dxe5 $1 Nxe3 30. Nxe3 Qxe5 31. Nf5+ Kf8 32. Nd6 (32. Nxh6 $6 Rc7 33. Nf5 Nf4 $18)
32... Nf4 33. Be4 ({Less strong is} 33. Nxb7
Ne2+ 34. Rxe2 (34. Kh1 Ng3+ 35. Kg1 Ne2+ 36. Rxe2 Qxe2 $16) 34... Qxe2 $16) ({
But not} 33. Nxe8 Rxe8 34. Qb6 Qe3+ 35. Qxe3 Rxe3 36. Rd8+ (36. Rd7 Bd5 $18)
36... Kg7) (33. Nxc8 Bxc8 34. Kh1 Kg7 $18) 33... Bxe4 34. fxe4 ({Worse is} 34. Nxe4 Rc6 $11) 34... Red8 35.
Nxc8 Rxc8 36. Rd8+ Rxd8 37. Rxd8+ $18 {[%emt 0:00:06] KQR-KQN} Kg7 38.
Kh1 {[%emt 0:00:52] White is clearly winning.} a3 (38... Qxe4
$142 39. Qd4+ Qxd4 40. Rxd4 Ne6) 39. bxa3 Qa1+ 40. Kh2 Kg6 41. g3 Ne6 42. Rg8+ {[%emt 0:05:00] Weighted Error Value: White=0.11 
(very precise) /Black=0.30} 1-0

[Event "44th Chess Olympiad Open 2022"]
[Site "Chennai"]
[Date "2022.08.03"]
[Round "6.8"]
[White "Dragnev, Valentin"]
[Black "McShane, Luke J"]
[Result "*"]
[WhiteElo "2557"]
[BlackElo "2649"]
[Annotator "TA"]
[PlyCount "71"]
[EventDate "2022.??.??"]
[TimeControl "60"]

1. e4 e5 2. Nf3 Nc6 3. Bb5 Nf6 4. d3 Bc5 5. c3 O-O 6. O-O d6 7. h3 Bb6 {
[%emt 0:03:54] C65: Ruy Lopez: Berlin Defence (3...Nf6), unusual lines and 4
0-0 Bc5.} 8. Re1 Ne7 9. d4 Ng6 10. Bd3 c6 11. Nbd2 Re8 12. Nf1 Nh5 13. Bc2 Nhf4 14. Ng3 {[%emt 0:01:30] [#]} Be6 $146 ({Predecessor:} 
14... exd4 15. cxd4 c5 16. d5 c4 17. a4 Bd7 18. Nf5 Qf6 19. Bd2 h6 20. Bc3 Ne5
21. Nxe5 dxe5 {1-0 (61) Maguire,G (2369)-Balabanov,V (2412) ICCF email 2019})
15. Be3 Bc7 16. Nf5 d5 17. dxe5 dxe4 18. Bxe4 Nxe5 19. N3d4 Bxf5 20. Bxf4 Bg6 21. Bxg6 hxg6 22. Qb3 Qf6 23. Bxe5 ({Don't play} 23. Qxb7 Qxf4 24. g3 Qf6 25. Qxc7 c5 26. Qxc5
Nd3 27. Rxe8+ Rxe8 $17) 23... Bxe5 24. Nf3 ({
But not} 24. Qxb7 Reb8 25. Qa6 Rxb2 $11) 24... b6 25. Nxe5 Rxe5 {[%emt 0:00:09] The position is equal.} 26. Rxe5 Qxe5 $14 {[%emt 0:00:02] Endgame KQR-KQR} 27. Qc2 Re8 28. Rd1 c5 29. Qd2 g5 30. c4 g6 31. b3 Kg7 32. a4 a5 33. Qd6 Qe2 {[%emt 0:00:00] [#] And now ...Qc2 would win.
} 34. Qd2 {[%emt 0:00:45] Inhibits Qc2.} Qe5 35. Qd6 Qe2 {[%emt 0:00:06] ...Qc2 is the strong threat.} 36. Qd2 {[%emt 0:00:
14] Against Qc2. Weighted Error Value: White=0.02 (flawless) /Black=0.02 
(flawless)} *

[Event "44th Chess Olympiad Open 2022"]
[Site "Chennai"]
[Date "2022.08.03"]
[Round "6.8"]
[White "Horvath, Dominik"]
[Black "Jones, Gawain C B"]
[Result "1-0"]
[WhiteElo "2488"]
[BlackElo "2652"]
[Annotator "TA"]
[PlyCount "109"]
[EventDate "2022.??.??"]
[TimeControl "60"]

1. e4 e5 2. Nf3 Nc6 3. Bb5 a6 4. Ba4 Nf6 5. O-O d6 6. Re1 Bd7 7. c3 g6 {[%emt 0:00:17] outshines the older 7...Be7. C66: Ruy Lopez: Steinitz
Defence.} 8. h3 Bh6 $5 {[%emt 0:06:55] An interesting side
line.} 9. d4 Bxc1 {[%emt 0:00:12] White has an edge.} 10. Qxc1
{[%emt 0:00:02] [#]} Qe7 $146 ({Predecessor:} 10... O-O 11.
Qh6 exd4 12. Ng5 Ne7 13. Bc2 Nc6 14. f4 Re8 15. Bb3 Re7 16. e5 Qf8 {½-½ (27)
Malar,P (2010)-Potemri,S (2035) Slovakia 1998}) 11. b4 Nh5 12. Qh6 f6 13. Nbd2 Nf4 14. g3 (14. Bxc6 $11 {keeps the balance.} bxc6 15. h4) 14... Nxh3+ $17 15. Kg2 Ng5 $1 16. Nxg5 fxg5 17. Bxc6 Bxc6 18. a4 Qf6 19. b5 Bd7 $1 20. f3 Rf8 (20... exd4 21. bxa6 Rxa6
22. e5 dxe5 23. Ne4 $11) 21. bxa6 (21. Qxh7 $2 Rh8 22. Qxh8+ (
22. dxe5 $2 dxe5 23. Qxh8+ Qxh8 $19) 22... Qxh8 $19) 21... Rxa6 22. a5 Rc6 23. Reb1 Rf7 24. Rxb7 Rxc3 (24... exd4 $15
{should be considered.} 25. a6 (25. Rb8+ Ke7 $17) 25... Rxa6 26. Rxa6 dxc3 27.
Ra8+ (27. Rxc7 cxd2 28. Ra8+ Ke7 $17) 27... Ke7) 25. Rb2 (25.
Kg1 $1 $11 exd4 26. a6) 25... exd4 ({Black should try} 25...
Rxf3 $17 26. Nxf3 Qxf3+ 27. Kh2 Qxe4 28. dxe5 (28. Qxg5 $2 Rf5 $19) 28... Bc6
29. exd6 (29. Qxg5 $2 Rf5 $19) 29... Qe3) 26. a6 $11 {[%emt 0:00:04] And now
a7 would win.} Ke7 {[%emt 0:01:56] Hoping for ...Re3.} (26... Rxf3 $5 27. Nxf3
Qxf3+ 28. Kh2 Qxe4 $11) 27. a7 Bc6 {[%emt 0:00:04] White must
now prevent ...Ba8.} 28. a8=Q {[%emt 0:01:32] Dancing on a razor blade.} Bxa8 29. Rxa8 g4 30.
f4 {[%emt 0:01:01][%cal Ye4e5] e5! is the strong threat.} Re3 31. Nc4 Rxe4 32. Rb7 Ke6 33. Re8+ {[%emt 0:01:18] [#]} (33. Kf2 $11 d3 34. Re8+ Re7 35.
Rxe7+ Qxe7 36. Ne3) 33... Re7 $1 $17 34. Rxe7+ Qxe7 35. Qh1 {[%emt 0:00:30] [#]} d3 (35...
Qd7 $1 $17 36. Kf2 Qc6) 36. Qc1 $36 {[%emt 0:00:06] Black is
under pressure.} Re2+ (36... Qe8 $5 37. Ne3 (37. Rxc7 $2 Re2+
38. Kg1 Qb5 $19) 37... c5 38. Rxh7 Qc6 $11) 37. Kf1 {[%emt 0:00:21] Strongly
threatening Ne3.} Kf5 38. Rxc7 Re1+ {[%emt 0:
00:34] White leaves nothing to chance now.} (38... Qxc7 $11 {and Black stays
safe.} 39. Ne3+ Ke4 40. Qxc7 Kxe3) 39. Qxe1 $18 Qxc7 40. Ne3+ ({Weaker is} 40. Qc3 Ke6 41. Qxd3 Qc6 $18)
40... Ke6 41. Nxg4+ Kf7 42.
Nf2 Qc2 43. Qd1 Qxd1+ (43... Qc4 $142 44. Nxd3 h5) 44. Nxd1 {[%emt 0:00:00] Endgame
KN-KP} g5 45. Nf2 gxf4 46.
gxf4 {[%emt 0:00:00] White mates.} Kf6 47. Nxd3 {[%emt 0:00:
00] KN-KPP} Kf5 48. Kf2 d5 49. Kf3 h5 50. Ne1 Kg6 51. Nc2 Kf5 52. Nd4+ Kf6 53. Kg3 Kf7 54. Kh4 Kg6 55. f5+ {[%emt 0:00:00]
Weighted Error Value: White=0.14 (very precise) /Black=0.42} 1-0

[Event "44th Chess Olympiad Open 2022"]
[Site "Chennai"]
[Date "2022.08.03"]
[Round "6.9"]
[White "Fressinet, Laurent"]
[Black "Bogner, Sebastian"]
[Result "*"]
[WhiteElo "2631"]
[BlackElo "2545"]
[Annotator "TA"]
[PlyCount "73"]
[EventDate "2022.??.??"]
[TimeControl "60"]

1. d4 Nf6 2. c4 e6 3. g3 Bb4+ 4. Bd2 Be7 5. Bg2 d5 6. Nf3 Nbd7 7. Qc2 c6 8. O-O O-O 9. Bf4 b6 {[%emt 0:04:40] E11: Bogo-Indian.}
10. Nbd2 Nh5 11. e3 {[%emt 0:00:00] is
recently more successful than 11.Be3.} Bb7 12. cxd5 cxd5 13. Bc7 Qe8 14.
Rfc1 {[%emt 0:00:42] [#]} Nb8 $146 ({Predecessor:} 14... Nhf6
15. Bf1 Nb8 16. Ne5 Na6 17. Qb3 Nxc7 18. Rxc7 Rb8 19. Rac1 Bd6 20. R7c2 Qe7 21.
Qa4 Ra8 22. Ba6 Bxa6 23. Qxa6 Bxe5 24. dxe5 Nd7 25. Nf3 Qb4 {½-½ (25) Ding,L
(2801)-Anand,V (2757) Kolkata 2019}) 15. Bf1 Na6 16. Qb3 Nxc7 17.
Rxc7 Bc8 18. Rac1 Bd6 19. Bb5 {[%emt 0:03:07] 0x0.0013ba75cadadp-1022s more active
pieces.} Qd8 20. R7c3 Nf6 21. Qa4 a6 22. Ne5 Qe7 23. a3 h5 24. Bd3 Bb7 25. Qb3 b5 26.
Nc6 Bxc6 27. Rxc6 g6 28. Nf3 Kg7 29. Qc2 Rfd8 30. Kg2 Qb7 31.
Ne5 {[%emt 0:04:40][%cal Rd3g6] Strongly threatening Bxg6!} Ng4 {[%emt 0:01:42]
[#]} (31... Kg8 $14) 32. Nf3 $2 (32. Bxg6 $1 $18 Nxe5 33. dxe5
Bxe5 34. Bxh5) 32... Qe7 33. h3 Nf6 34. Ne5 Qe8 35. f4 Ng8 $1 36. Qf2 Rac8 {[%emt 0:
01:25] ...Rxc6 is the strong threat.} 37. Rxc8 {[%emt 0:01:04] Weighted Error
Value: White=0.11 (very precise) /Black=0.10 (very precise)} *

[Event "44th Chess Olympiad Open 2022"]
[Site "Chennai"]
[Date "2022.08.03"]
[Round "6.9"]
[White "Georgiadis, Nico"]
[Black "Moussard, Jules"]
[Result "1/2-1/2"]
[WhiteElo "2578"]
[BlackElo "2672"]
[Annotator "TA"]
[PlyCount "82"]
[EventDate "2022.??.??"]
[TimeControl "60"]

1. e4 c5 2. Nf3 d6 3. d4 cxd4 4. Nxd4 Nf6 5. Nc3 a6 6. Be3 e5 7. Nf3 Be7 8. Bc4 O-O 9. O-O Nc6 10. Bb3 {[%emt 0:00:51] B90: Sicilian Najdorf: Unusual White 6th moves,
6 Be3 Ng4 and 6 Be3 e5.} h6 11. Nh4 Na5 12. Ng6 Nxb3 13. Bb6 {
[%emt 0:00:11] [#]} Qxb6 $146 ({Predecessor:} 13... Qe8 14.
Nxe7+ Qxe7 15. axb3 Qd7 16. f3 Qc6 17. Bf2 Be6 18. Bh4 g5 19. Bg3 Nh5 {½-½ 
(50) Korneev,O (2637)-Gordievsky,D (2448) Khanty-Mansiysk 2013}) 14. Nxe7+ Kh8 15. Ned5 Nxd5 16. Nxd5 Qd8 17. axb3 f5 18. exf5 Bxf5 19. Qd2 Rc8 20. c3 Be6 21. b4 {[%emt 0:12:02] Against Rc5} Qh4 22. Rad1 Rf5 23. g3 (23. f3 $5 ) 23... Qh3 {[%emt 0:01:30] [#] And now ...Rh5 would win.} 24. Ne3 Rh5 25.
f4 Bb3 26. Rde1 {[%emt 0:02:21] f5 is the
strong threat.} exf4 27. Rxf4 Re8 28. Ng4 Rxe1+ 29. Qxe1 {[%emt 0:00:
00] White wants to mate with Rf8+.} Bg8 $1 (29... Bd5 {
is a self mate.} 30. Rf8+ Kh7 {[#]} 31. Nf6+ $1 Kg6 32. Qe8+ Kf5 33. Nxd5+ Kg5
34. Qe7+ Kg6 35. Qf7+ Kh7 36. Nf6#) 30. Qf1 {[%emt 0:12:14] The position is
equal.} Qxf1+ 31. Kxf1 $11 {[%emt 0:00:29] Endgame KRB-KRN}
Be6 32. h4 Kg8 {[%emt 0:08:23] Inhibits Rf8+.
} 33. Ne3 Re5 34. Kf2 g5 35. hxg5 hxg5 36. Rd4 d5 37. Rd1 Kg7 38. Kf3 Kf6 39. Rd2 Kg7 40. Rd4 Kf6 41. Rd2 Re4 $2 {Weighted Error Value: White=0.04 (flawless) /Black=0.
04 (flawless)} (41... Kg7 $11) 1/2-1/2

[Event "44th Chess Olympiad Open 2022"]
[Site "Chennai"]
[Date "2022.08.03"]
[Round "6.9"]
[White "Pelletier, Yannick"]
[Black "Cornette, Matthieu"]
[Result "1/2-1/2"]
[WhiteElo "2551"]
[BlackElo "2551"]
[Annotator "TA"]
[PlyCount "66"]
[EventDate "2022.??.??"]
[TimeControl "60"]

1. d4 Nf6 2.
c4 e6 3. Nf3 d5 4. Nc3 Bb4 5. Bg5 h6 6. Bxf6 Qxf6 7. Qb3 c5 8. cxd5 exd5 9.
e3 O-O 10. dxc5 Bxc3+ 11. Qxc3 Qxc3+ 12. bxc3 Nd7 13. Rd1 Nxc5 {[%emt 0:00:
00] The position is equal. 13...Nxc5 has lost popularity.} 14. Rxd5 {[%emt 0:
00:00] D38: Queen's Gambit Declined: Ragozin Defence (4 Nf3 Bb4).} b6 15. Rd4 Be6 16. c4 Rac8 17. Be2 Rc7 18. Kd2 Rfc8 19. Rb1 Nb7 20. Kc3 Na5 21. Nd2 Nc6 22. Rd6 {[%emt 0:01:16] 
[#]} Na5 $146 ({Predecessor:} 22... Kf8 23. Rb5 Ke7 24. Rd3
Na5 25. Rd4 Nb7 26. Rb4 Nd6 27. a4 Nf5 28. Re4 Nd6 29. Rd4 Nf5 30. Re4 Nd6 31.
Rd4 Nf5 {½-½ (31) Voloshin,L (2426)-Gerzhoy,L (2257) Pardubice 2001}) 23. Rd4 Nc6 24. Rd6 Na5 25. Rb4 Kf8 26. Ra4 Ke7 27. Rd4 Nc6 28. Re4 f5 {[%emt 0:00:46] Against Bg4} 29. Rh4 a5 30. Kb2 Ne5 31.
Rd4 Nc6 32. Rh4 $1 Ne5 33. Rd4 Nc6 {[%emt 0:00:36] A balanced but
interesting game. Weighted Error Value: White=0.01 (flawless) / Black=0.01 
(flawless)} 1/2-1/2

[Event "44th Chess Olympiad Open 2022"]
[Site "Chennai"]
[Date "2022.08.03"]
[Round "6.10"]
[White "Gupta, Abhijeet"]
[Black "Pultinevicius, Paulius"]
[Result "1-0"]
[WhiteElo "2627"]
[BlackElo "2539"]
[Annotator "TA"]
[PlyCount "87"]
[EventDate "2022.??.??"]
[TimeControl "60"]

1. d4 Nf6 2. c4 e6 3. Nc3 d5 4. cxd5 exd5 5. Bg5 c6 6. Qc2 h6 7. Bh4 Be7 8. e3 O-O 9. Bd3 Re8 10. Nge2 a5 {[%emt 0:00:08] D36: Queen's Gambit Declined: Exchange Variation:
Main line (5 Bg5 c6 6 Qc2).} 11. O-O Na6 12.
a3 {[%emt 0:00:05] Prevents Nb4.} Nc7 {[%emt 0:00:06] The position is equal.}
13. Rad1 $5 {[%emt 0:01:40] Leaves trodden paths.} Ne6 14. Kh1 b5 15. f3 {[%emt 0:04:43] [#]} Ng5 $146 ({Predecessor:} 15... Ba6 16. Nb1 Qb6 17. b4 Bb7 18. Be1 axb4
19. axb4 Ra4 {1-0 (88) Zakhartsov,V (2496)-Goryachkina,A (2593) Sochi 2021})
16. Bxg5 hxg5 17. e4 $1 b4 18. Na4 bxa3 (18... dxe4 $11 19. fxe4 Be6) 19. e5 $14 (19. Qxc6 $6 Bd7
20. Qc2 axb2 $15) 19... Nh5 20. bxa3 $1 (20.
Qxc6 $6 Bd7 21. Qc2 axb2 $11) 20... Bxa3 21. f4 $1 ({But not} 21. Qxc6 Bd7 22. Qc2 Bb4 $11) 21... Bg4 {[%emt 0:07:21]
White leaves nothing to chance now.} ({Black should play} 21... gxf4 $14 22.
Nxf4 Qh4 23. Nxh5 (23. Qxc6 Bg4 $11) 23... Qxh5) 22. Bh7+ $1 $16 Kh8 {[%emt 0:09:29] [#] ...g6 is the strong
threat.} 23. Bf5 {[%emt 0:02:10] White is more active.} Bxe2 24. Qxe2 g6 25. Qf3 {[%emt 0:00:00] Black
must now prevent Bg4.} Bb4 {[%emt 0:05:52] [#]} 26. Bg4 $1 Nxf4 27. g3 Ne6 28. Qxf7 Nf8 29. Qb7 Re7 30. Qxc6 Rc7 31. Qb5 Rb8 32. Qa6 Qe8 33. Qf6+ Kg8 (33... Rg7 {was called for.}) 34. Nb6 $18 Qb5 (34... Qd8 $142 35. Be6+ Kh7) 35. Be6+ Kh7 36. Nxd5 Qc6 (36... Qb7 $142 37. Kg1 Rc6 38. Qf7+ (38. Qxg5 Rxe6 39. Qh4+ Kg7 $11)
38... Qxf7 39. Rxf7+ Kh8) 37. Rc1 Qxc1 38.
Rxc1 Rxc1+ 39. Kg2 {[%emt 0:00:00] Qf7+
would kill now.} Rb7 {[%emt 0:03:53] Prevents Qf7+.} 40. Qxg5 Rc2+ 41. Kh3 Nxe6 42. Qh4+ Kg8 43. Nf6+ Kf7 44. Qh7+ {[%emt 0:00:10] Skewer. Weighted Error Value: White=0.05 
(flawless) /Black=0.44} 1-0